 Dungeon Crawl Stone Soup version 0.31-a0-1338-gb567cfdca4 (webtiles) character file.

Game seed: 6905957500812247086

3054 IdlyInterested the Slicer (level 9, -1/69 HPs)
             Began as a Demonspawn Fighter on Dec 21, 2023.
             Slain by Maurice
             ... wielding a +0 dagger
              (3 damage)
             ... on level 7 of the Dungeon.
             The game lasted 00:22:32 (4897 turns).

IdlyInterested the Slicer (Demonspawn Fighter)      Turns: 4897, Time: 00:22:32

Health: -1/69      AC:  0    Str: 20    XL:     9   Next: 57%
Magic:  0/10       EV: 18    Int: 12    God:
Gold:   0          SH:  0    Dex: 25    Spells: 10/10 levels left

rFire   . . .        e - melded +2 short sword (venom)
rCold   . . .        b - melded +0 buckler
rNeg    . . .        o - melded +3 leather armour
rPois   .            (helmet unavailable)
rElec   .            (cloak currently unavailable)
rCorr   .            (gloves currently unavailable)
SInv    .            E - melded +0 pair of boots
Will    .....        (no amulet)
Stlth   ++++++       l - melded +6 ring of dexterity
HPRegen 0.31/turn    H - melded ring of poison resistance
MPRegen 0.12/turn

%: clarity
@: bat-form, flying, very quick
A: fast, flying, no casting, tiny, (horns 3), thin skeletal structure 3, demonic
guardian 1, clarity, clever 1, strong 1
a: no special abilities


You were on level 7 of the Dungeon.
You were a bat.
You visited 2 branches of the dungeon, and saw 8 of its levels.

Inventory:

Hand Weapons
 e - a +2 short sword of venom (melded)
 k - a +0 short sword
 v - a +1 dagger of speed
 I - a +2 dagger of chaos
Missiles
 a - a curare-tipped dart
 d - 66 stones (quivered)
 r - 2 throwing nets
 u - 15 boomerangs
 F - 3 poisoned darts
Armour
 b - a +0 buckler (melded)
 o - a +3 leather armour (melded)
 w - a +2 robe of willpower
 E - a +0 pair of boots (melded)
Magical Staves
 j - a staff of alchemy
 y - a staff of cold
Jewellery
 l - a +6 ring of dexterity (melded)
 p - a +6 ring of intelligence
 H - a ring of poison resistance (melded)
 N - a ring of see invisible
Wands
 t - a wand of paralysis (9)
 z - a wand of digging (4)
 A - a wand of light (10)
 P - a wand of iceblast (9)
Scrolls
 g - 9 scrolls of teleportation
 n - 4 scrolls of amnesia
 D - a scroll of enchant weapon
 G - a scroll of butterflies
 Q - 2 scrolls of fog
Potions
 c - 3 potions of might
 f - a potion of attraction
 h - 2 potions of curing
 q - a potion of invisibility {unknown}
 x - a potion of ambrosia {unknown}
 C - 2 potions of mutation
 K - a potion of enlightenment {unknown}
 L - 3 potions of lignification
 O - a potion of haste {unknown}


   Skills:
 - Level 6.0 Fighting
 * Level 8.2 Short Blades
 - Level 1.0 Throwing
 - Level 3.0 Armour
 - Level 1.0 Dodging
 + Level 3.4 Stealth
 + Level 6.3 Shields
 - Level 2.0 Unarmed Combat
 - Level 1.0 Spellcasting
 - Level 1.0 Ice Magic
 - Level 1.0 Alchemy
 - Level 1.0 Evocations
 - Level 1.0 Shapeshifting


You had 10 spell levels left.
You didn't know any spells.
Your spell library contained the following spells:

 Spells                   Type           Power      Damage    Failure   Level
 Sting                    Conj/Alch      4%         1d3       24%         1
 Apportation              Tloc           0%         N/A       30%         1
 Magic Dart               Conj           0%         1d3       30%         1
 Necrotise                Necr           0%         1d4       30%         1
 Summon Small Mammal      Summ           0%         N/A       30%         1
 Blink                    Tloc           0%         N/A       41%         2
 Call Imp                 Summ           0%         N/A       41%         2
 Manifold Assault         Tloc           0%         N/A       96%         4
 Dispersal                Tloc           0%         N/A       100%        6
 Disjunction              Tloc           0%         N/A       100%        8


Dungeon Overview and Level Annotations

Branches:
Dungeon (7/15)             Temple (1/1) D:5

Altars:
Ashenzari
Cheibriados
Dithmenos
Fedhas
Gozag
Kikubaaqudgha
Makhleb
Nemelex Xobeh
Okawaru
Ru
Sif Muna
Trog
Uskayaw
Wu Jian
Xom
Yredelemnul

Annotations:
D:7 Maurice


Innate Abilities, Weirdness & Mutations

You are a bat.
You are tiny and dextrous.
You move quickly.
You are flying.
Your equipment is almost entirely melded.
You are incapable of wielding weapons or throwing items.
You cannot cast spells.
((You have a pair of large horns on your head.))
You have an unnaturally thin skeletal structure. (Dex +6, Stealth+++)
A weak demonic guardian rushes to your aid.
You possess an exceptional clarity of mind.
Your mind is acute. (Int +4, Str/Dex -1)
Your muscles are strong. (Str +4, Int/Dex -1)


Message History

You closely miss Maurice.
Maurice is lightly wounded.
Maurice hits you with a +0 dagger! Maurice steals 3 of your 18 boomerangs!
Maurice completely misses you.
You hit Maurice.
Maurice is moderately wounded.
Maurice hits you with a +0 dagger!
Maurice steals 339 gold pieces!
You now have 0 gold pieces.
Maurice bites you.
You feel your power leaking away. Maurice drains your magic.
You barely miss Maurice.
Maurice is moderately wounded.
Maurice barely misses you. Maurice completely misses you.
You hit Maurice.
Maurice is moderately wounded.
Maurice barely misses you. Maurice bites you.
You feel your power leaking away. Maurice drains your magic.
You miss Maurice.
Maurice is moderately wounded.
Maurice casts a spell.
Maurice flickers and vanishes!
Deactivating autopickup; reactivate with Ctrl-A.
You hit something. You hit something. Something hits you!
Something steals your +2 dagger of freezing!
Something bites you.
* * * LOW HITPOINT WARNING * * *
Something drains your magic.
You miss something. Something barely misses you. Something misses you.
You hit something. Something barely misses you. Something bites you.
* * * LOW HITPOINT WARNING * * *
A demonic guardian appears!
Something drains your magic.
You miss something. Something hits you!
* * * LOW HITPOINT WARNING * * *
Something steals your beast talisman! Something bites you.
* * * LOW HITPOINT WARNING * * *
Something drains your magic.
You hit something. Something hits you.
You die...

# . .# .# ####.###########
....... ......## #{5.#
#......### #b#
####....#.(.# ### #.#
##........... ...# ##.#
#.........)..
#..#####..###...........#
.................<..#)#
..##....#.#..##.#..###)####
............$......))†$).>.
####..$....#.....####)##..
...........##!...###......#


You could see a friendly white imp (summoned).

Vanquished Creatures
  Pikel (D:6)
  Maggie (D:7)
  A hornet (D:5)
  Menkaure (D:7)
  An orc warrior (D:7)
  2 black bears
  A sky beast (D:6)
  An ogre (D:6)
  A centaur (D:6)
  A phantom (D:5)
  A kobold brigand (D:6)
  3 bullfrogs
  3 wights (D:7)
  3 killer bees (D:7)
  3 howler monkeys
  A crimson imp (D:3)
  7 hounds
  A sleepcap (D:5)
  A gnoll bouda (D:7)
  2 orc priests
  2 iguanas (D:5)
  Jessica (D:2)
  An orc wizard (D:5)
  5 gnolls (D:7)
  7 adders
  A shadow imp (D:6)
  3 bombardier beetles
  A white imp (D:7)
  2 ufetubi (D:6)
  2 worms
  2 dart slugs (D:2)
  10 orcs
  6 ball pythons
  6 bats
  8 endoplasms
  4 giant cockroaches
  2 hobgoblins
  7 quokkas
  4 frilled lizards
  6 goblins
  13 kobolds
  3 rats
132 creatures vanquished.

Vanquished Creatures (collateral kills)
  A bombardier beetle (D:3)
  An orc (D:7)
2 creatures vanquished.

Grand Total: 134 creatures vanquished

Notes
Turn   | Place    | Note
-------+----------+-------------------------------------------
     0 | D:1      | IdlyInterested the Demonspawn Fighter began the quest for
                  | the Orb.
     0 | D:1      | Reached XP level 1. HP: 18/18 MP: 1/1
   360 | D:1      | Gained mutation: A weak demonic guardian rushes to your
                  | aid. [demonic ancestry]
   360 | D:1      | Reached XP level 2. HP: 24/24 MP: 2/2
   417 | D:1      | Reached skill level 1 in Throwing
   811 | D:2      | Gained mutation: You have a pair of small horns on your
                  | head. [demonic ancestry]
   811 | D:2      | Reached XP level 3. HP: 16/29 MP: 3/3
   820 | D:2      | Reached skill level 1 in Dodging
  1020 | D:2      | Noticed Jessica
  1027 | D:2      | Killed Jessica
  1028 | D:2      | Reached XP level 4. HP: 37/38 MP: 4/4
  1143 | D:2      | Found a faded altar of an unknown god.
  1626 | D:3      | Gained mutation: You have a somewhat thin skeletal
                  | structure. (Dex +2, Stealth+) [demonic ancestry]
  1626 | D:3      | Reached XP level 5. HP: 43/43 MP: 5/5
  1742 | D:3      | Found a shimmering altar of Xom.
  1742 | D:3      | Found a burning altar of Makhleb.
  1758 | D:3      | Reached skill level 5 in Fighting
  1758 | D:3      | Reached skill level 1 in Stealth
  2056 | D:4      | Reached skill level 1 in Short Blades
  2056 | D:4      | Reached skill level 1 in Spellcasting
  2079 | D:4      | Gained mutation: You have a pair of horns on your head.
                  | [demonic ancestry]
  2079 | D:4      | Reached XP level 6. HP: 27/51 MP: 7/7
  2158 | D:4      | Gained mutation: Your mind is acute. (Int +4, Str/Dex -1)
                  | [potion of mutation]
  2158 | D:4      | Gained mutation: You have hidden genetic potential. [potion
                  | of mutation]
  2158 | D:4      | Gained mutation: Your muscles are strong. (Str +4, Int/Dex
                  | -1) [potion of mutation]
  2271 | D:4      | Found a shadowy altar of Dithmenos.
  2275 | D:4      | Found a hide-covered altar of Uskayaw.
  2281 | D:4      | Found a shimmering blue altar of Sif Muna.
  2348 | D:4      | Reached skill level 2 in Short Blades
  2348 | D:4      | Reached skill level 1 in Alchemy
  2723 | D:5      | Entered Level 5 of the Dungeon
  2725 | D:5      | Reached skill level 3 in Short Blades
  2750 | D:5      | Reached skill level 1 in Ice Magic
  2750 | D:5      | Gained mutation: You have a pair of large horns on your
                  | head. [demonic ancestry]
  2750 | D:5      | Reached XP level 7. HP: 50/56 MP: 8/8
  2872 | D:5      | Reached skill level 1 in Evocations
  2940 | D:5      | Noticed a hornet
  2956 | D:5      | Killed a hornet
  2957 | D:5      | Reached skill level 4 in Short Blades
  2957 | D:5      | Reached skill level 1 in Shapeshifting
  3149 | D:5      | Reached skill level 5 in Short Blades
  3149 | D:5      | Gained mutation: You have a moderately thin skeletal
                  | structure. (Dex +4, Stealth++) [demonic ancestry]
  3149 | D:5      | Reached XP level 8. HP: 51/62 MP: 9/9
  3398 | D:5      | Gained mutation: You have an unnaturally thin skeletal
                  | structure. (Dex +6, Stealth+++) [hidden potential]
  3450 | D:5      | Found a staircase to the Ecumenical Temple.
  3461 | Temple   | Entered the Ecumenical Temple
  3810 | D:6      | Reached skill level 5 in Shields
  3844 | D:6      | Noticed Pikel
  3870 | D:6      | Killed Pikel
  3871 | D:6      | Reached skill level 6 in Short Blades
  4097 | D:6      | Reached skill level 7 in Short Blades
  4594 | D:7      | Reached XP level 9. HP: 57/69 MP: 10/10
  4626 | D:7      | Noticed Menkaure
  4637 | D:7      | Killed Menkaure
  4637 | D:7      | Gained mutation: You possess an exceptional clarity of
                  | mind. [hidden potential]
  4637 | D:7      | Lost mutation: You have hidden genetic potential. [hidden
                  | potential expressed]
  4685 | D:7      | HP: 1/67 [wight/+1 halberd (9)]
  4770 | D:7      | Noticed Maggie
  4782 | D:7      | Killed Maggie
  4783 | D:7      | Reached skill level 8 in Short Blades
  4881 | D:7      | Noticed Maurice
  4883 | D:7      | Maurice stole an amulet of faith
  4887 | D:7      | Maurice stole 18 boomerangs
  4888 | D:7      | Maurice stole 339 gold
  4893 | D:7      | Something stole a +2 dagger of freezing
  4896 | D:7      | Something stole a beast talisman
  4896 | D:7      | HP: 2/69 [something (2)]
  4897 | D:7      | Slain by Maurice

Illustrated notes

Levels and vault maps discovered:
D:1:      psy_arrival_statuary, layout_basic
D:2:      layout_rooms, ebering_ecumenical_altar_hall, minmay_split_cup_large,
          uniq_jessica
D:3:      layout_rooms, grunt_temple_overflow_champion_of_chaos
D:4:      layout_basic, grunt_temple_overflow_diamond, st_stairs_9,
          nicolae_letterblocks [nicolae_letter_subblock,
          nicolae_letter_subblock, nicolae_letter_subblock,
          nicolae_letter_subblock, nicolae_letter_subblock,
          nicolae_letter_subblock, nicolae_letter_subblock,
          nicolae_letter_subblock, nicolae_letter_subblock,
          nicolae_letter_subblock, nicolae_letter_subblock,
          nicolae_letter_subblock, nicolae_letter_subblock,
          nicolae_letter_subblock, nicolae_letter_subblock,
          nicolae_letter_subblock, nicolae_letter_subblock,
          nicolae_letter_subblock, nicolae_letter_subblock,
          nicolae_letter_subblock, nicolae_letter_subblock,
          nicolae_letter_subblock, nicolae_letter_subblock,
          nicolae_letter_subblock, nicolae_letter_subblock]
D:5:      layout_basic, minmay_temple_entry_trees, minivault_27
D:6:      layout_basic, uniq_pikel
D:7:      layout_rooms, uniq_jeremiah, uniq_maurice, uniq_maggie, uniq_menkaure
Temple:   nicolae_temple_bog_church

Skill      XL: |  1  2  3  4  5  6  7  8  9 |
---------------+----------------------------+-----
Unarmed Combat | 2 |  2.0
Throwing       | 1 |  1.0
Armour         | 3 |  3.0
Dodging        | 1 |  1.0
Fighting       | 4 5 6 |  6.0
Shields        | 3 4 5 6 |  6.3
Stealth        | 1 3 |  3.4
Short Blades   | 1 3 5 7 8 |  8.2
Spellcasting   | 1 |  1.0
Alchemy        | 1 |  1.0
Ice Magic      | 1 |  1.0
Evocations     | 1 |  1.0
Shapeshifting  | 1 |  1.0

Action                     |  1- 3 |  4- 6 |  7- 9 || total
---------------------------+-------+-------+-------++-------
  Melee: Unarmed           |    13 |       |    13 ||    26
         Dagger            |    77 |   125 |    37 ||   239
         Headbutt          |     5 |    18 |    44 ||    67
         Short sword       |       |       |   147 ||   147
  Throw: Stone             |       |       |     5 ||     5
  Evoke: Wand              |       |       |     3 ||     3
    Use: Scroll            |     2 |     3 |       ||     5
         Potion            |     1 |     5 |     6 ||    12
   Stab: Sleeping          |       |     6 |     9 ||    15
         Distracted        |       |     1 |       ||     1
         Paralysed         |       |       |     1 ||     1
 Armour: Scale mail        |    26 |       |       ||    26
         Leather armour    |    43 |    66 |   105 ||   214
         Skin              |       |       |    10 ||    10
  Dodge: Dodged            |    44 |    53 |    80 ||   177
  Block: Buckler           |    14 |    25 |    53 ||    92
         Form:             |       |       |     1 ||     1
         Beast             |       |       |     1 ||     1

Table legend: (Time is in decaauts)
 A = Elapsed time spent in this place.
 B = Non-inter-level travel time spent in this place.
 C = Inter-level travel time spent in this place.
 D = Time resting spent in this place.
 E = Time spent auto-exploring this place.
 F = Levels seen in this place.
 G = Mean time per level.
                   A        B        C        D        E       F      G
               +--------+--------+--------+--------+--------+-----+--------+
         Total |   4863 |   4621 |    242 |    884 |   2337 |   8 |  607.9 |
       Dungeon |   4861 |   4619 |    242 |    884 |   2337 |   7 |  694.4 |
        Temple |      1 |      1 |      0 |      0 |      0 |   1 |    1.0 |
               +--------+--------+--------+--------+--------+-----+--------+

Top non-repeatable levels by time:
     D:6: 1017 daAuts
     D:4: 900 daAuts
     D:5: 854 daAuts
     D:1: 797 daAuts
     D:2: 571 daAuts
     D:3: 455 daAuts
     D:7: 264 daAuts
  Temple: 1 daAuts
